Map: Lightshade LE

Players

uThermal - Winner!

  • Race: Terran Terran

Krystianer

  • Race: Protoss Protoss

Event: DreamHack SC2 Masters 2021 Fall

VOD

Have the link to the VOD?

Description

Time

  • Played on: Aug. 11, 2021, 9:12 a.m.
  • Length: 9:34

All games in this series

Show
View Real Time Build Order
Export as new Build Order

uThermal Terran - Winner!

Build Orders:  

Get SALT Encoding   

  12  0:00  SCV  
  13  0:12  SCV  
  14  0:16  Supply Depot  
  14  0:24  SCV  
  15  0:38  SCV  
  15  0:40  Barracks  
  15  0:42  Refinery  
  16  0:50  SCV  
  16  0:54  Refinery  
  17  1:02  SCV  
  18  1:14  SCV  
  19  1:27  Reaper, Orbital Command  
  19  1:29  Supply Depot  
  20  1:40  Factory  
  20  1:52  SCV  
  21  1:59  Reaper  
  22  2:05  SCV  
  23  2:18  SCV  
  23  2:20  Command Center  
  24  2:26  Hellion  
  26  2:30  SCV  
  26  2:31  Barracks Reactor  
  27  2:40  Starport  
  27  2:42  SCV  
  28  2:47  Supply Depot  
  30  2:51  Widow Mine  
  30  3:03  SCV  
  31  3:08  Marine x2  
  33  3:15  SCV  
  33  3:18  Widow Mine  
  33  3:19  Medivac  
  36  3:26  Marine x2  
  37  3:27  SCV  
  37  3:33  Orbital Command  
  38  3:39  SCV  
  38  3:40  Factory Tech Lab  
  38  3:44  Marine, Bunker  
  38  3:45  Marine  
  40  3:51  SCV  
  40  3:54  Barracks  
  41  4:00  SCV  
  42  4:04  SCV, Factory Tech Lab, Raven  
  42  4:06  Marine  
  42  4:07  Marine  
  47  4:12  SCV  
  47  4:16  Supply Depot, SCV  
  49  4:22  Siege Tank  
  52  4:26  Barracks  
  52  4:29  SCV x2  
  54  4:33  Supply Depot  
  54  4:37  Marine x2  
  56  4:42  Engineering Bay  
  56  4:43  SCV  
  56  4:44  SCV  
  58  4:50  Refinery  
  58  4:52  Marauder  
  60  4:55  Marine x2, SCV  
  60  4:56  SCV  
  64  5:01  Siege Tank  
  67  5:07  SCV  
  67  5:10  Supply Depot  
  67  5:12  SCV  
  69  5:17  Stimpack  
  69  5:18  Marine  
  69  5:19  Marine  
  69  5:20  Marauder  
  67  5:29  Supply Depot  
  65  5:36  Marine  
  65  5:39  Bunker  
  65  5:41  Marine, Marauder  
  65  5:48  Marine, Factory Reactor  
  64  5:54  Bunker  
  64  5:55  Marine  
  65  5:58  SCV  
  65  6:00  Marine  
  65  6:03  Marauder  
  68  6:04  SCV  
  68  6:11  Combat Shield  
  66  6:12  SCV, Starport Reactor  
  66  6:13  Terran Infantry Weapons Level 1  
  66  6:16  Marine x2  
  68  6:24  Marine, Marauder  
  68  6:25  SCV  
  69  6:32  SCV  
  68  6:34  Marine x2  
  68  6:37  SCV  
  70  6:41  Marine  
  70  6:44  SCV  
  70  6:45  Marine  
  73  6:49  SCV  
  73  6:51  Marine x2  
  75  6:56  SCV  
  75  6:58  Medivac x2  
  75  7:00  Widow Mine  
  82  7:01  SCV  
  82  7:02  Marine  
  82  7:04  Widow Mine  
  87  7:08  SCV  
  87  7:09  Marine  
  87  7:10  Marauder  
  87  7:14  SCV  
  88  7:18  Marine  
  88  7:24  SCV  
  88  7:26  Widow Mine  
  88  7:28  Medivac  
  93  7:30  Marine  
  93  7:35  Supply Depot  
  94  7:42  SCV  
  94  7:46  Supply Depot  
  94  7:47  Supply Depot  
  94  7:54  Supply Depot  
  94  7:57  SCV x2, Medivac, Marauder x2  
  102  8:07  Marine x2  
  102  8:08  Widow Mine x2, Medivac  
  110  8:16  Supply Depot  
  110  8:18  Marine  
  111  8:20  Marine  
  111  8:25  Marine x2  
  112  8:27  Medivac  
  112  8:29  Widow Mine  
  110  8:36  Marine  
  110  8:38  Marine, Medivac  
  103  8:43  Marine x2  
  96  8:54  Marine  
  88  8:56  Marine  
  88  8:58  Widow Mine  
  88  9:01  Marine x2  
  88  9:02  Widow Mine  
  94  9:09  SCV  
  92  9:11  Marine  
  92  9:14  Marine  
Show
View Real Time Build Order
Export as new Build Order

Krystianer Protoss 

Build Orders: 1 Gate Expand, Blink Stalkers 

Get SALT Encoding   

  12  0:00  Probe  
  13  0:12  Probe  
  14  0:16  Pylon  
  14  0:24  Probe (Chrono Boost)  
  16  0:36  Gateway, Probe (Chrono Boost)  
  16  0:42  Probe (Chrono Boost)  
  16  0:44  Assimilator  
  17  0:50  Probe  
  18  1:02  Probe  
  19  1:15  Probe  
  20  1:29  Nexus  
  20  1:32  Cybernetics Core  
  20  1:33  Probe  
  20  1:38  Assimilator  
  21  1:45  Probe  
  22  1:47  Pylon  
  22  1:58  Probe  
  23  2:06  Adept (Chrono Boost)  
  23  2:09  Warp Gate  
  23  2:10  Probe  
  26  2:19  Twilight Council  
  26  2:22  Probe  
  26  2:26  Stalker (Chrono Boost)  
  28  2:36  Probe (Chrono Boost)  
  29  2:41  Probe (Chrono Boost)  
  30  2:49  Stalker  
  30  2:50  Probe (Chrono Boost)  
  30  2:51  Probe (Chrono Boost)  
  34  2:55  Probe (Chrono Boost)  
  34  2:58  Probe  
  36  3:02  Blink (Chrono Boost)  
  36  3:10  Gateway, Probe  
  37  3:14  Probe  
  36  3:22  Probe (Chrono Boost)  
  36  3:30  Probe (Chrono Boost)  
  37  3:34  Probe (Chrono Boost)  
  37  3:36  Robotics Facility  
  38  3:41  Probe (Chrono Boost)  
  38  3:42  Probe (Chrono Boost)  
  38  3:47  Gateway  
  39  3:48  Gateway  
  39  3:49  Pylon  
  39  3:50  Probe  
  39  3:51  Probe  
  41  3:57  Assimilator  
  41  3:59  Stalker  
  43  4:03  Probe x2  
  43  4:07  Stalker  
  47  4:13  Pylon  
  47  4:15  Probe  
  48  4:20  Warp Prism (Chrono Boost)  
  49  4:25  Probe  
  49  4:29  Stalker  
  49  4:31  Stalker  
  54  4:37  Shield Battery  
  54  4:42  Stalker  
  54  4:43  Stalker  
  58  4:47  Pylon  
  58  4:49  Observer  
  59  4:54  Stalker  
  61  5:02  Stalker  
  61  5:05  Probe x2  
  63  5:13  Stalker x3  
  69  5:19  Pylon  
  69  5:27  Probe  
  60  5:38  Nexus  
  60  5:44  Stalker  
  60  5:45  Probe (Chrono Boost)  
  63  5:51  Stalker x3  
  63  5:52  Probe (Chrono Boost)  
  70  6:00  Probe (Chrono Boost)  
  70  6:03  Probe (Chrono Boost)  
  64  6:05  Probe (Chrono Boost)  
  64  6:08  Probe (Chrono Boost)  
  64  6:09  Observer  
  66  6:12  Charge  
  66  6:14  Probe  
  66  6:17  Forge  
  67  6:19  Probe (Chrono Boost)  
  68  6:30  Stalker x2, Probe (Chrono Boost)  
  68  6:31  Probe (Chrono Boost)  
  74  6:40  Probe (Chrono Boost)  
  74  6:41  Probe (Chrono Boost)  
  74  6:42  Pylon  
  74  6:45  Probe (Chrono Boost)  
  74  6:54  Probe (Chrono Boost)  
  76  6:55  Probe (Chrono Boost)  
  78  7:01  Gateway x2  
  78  7:03  Templar Archives, Gateway  
  78  7:06  Gateway, Probe (Chrono Boost)  
  78  7:07  Probe (Chrono Boost)  
  80  7:09  Probe (Chrono Boost)  
  80  7:12  Sentry  
  80  7:15  Immortal (Chrono Boost)  
  86  7:26  Probe x2  
  86  7:27  Probe  
  86  7:29  Pylon  
  89  7:44  Immortal (Chrono Boost)  
  89  7:47  Zealot x4  
  89  7:51  Shield Battery  
  101  7:56  Pylon  
  101  7:59  Zealot  
  101  8:00  Zealot x2  
  101  8:05  Pylon  
  107  8:08  High Templar  
  107  8:12  Pylon  
  105  8:13  Immortal (Chrono Boost)  
  109  8:20  High Templar, Zealot  
  109  8:21  Zealot x2  
  109  8:26  Zealot x2  
  109  8:27  Zealot  
  123  8:29  Pylon, Archon  
  123  8:31  Probe  
  123  8:32  Stalker x3  
  113  8:38  Probe  
  113  8:41  Zealot x4  
  92  8:43  Probe  
  92  8:44  Probe  
  74  8:50  Probe  
  74  8:55  Zealot  
  67  8:57  Zealot x2  
  62  9:03  High Templar x2  
  62  9:07  Archon  
  58  9:10  Zealot x2  

Tags
 
Add a new tag
Caveats
  • Supply blocks, unpowered buildings, or Contaminate may cause inaccurate times.
  • Supply counts are checked every 10 seconds.